 Seeded DCSS version 0.28-a0-691-gad6df49e81 (webtiles) character file.

Game seed: 20211023 (custom seed)

129 a11behringer the Grave Robber (level 4, -11/30 HPs)
             Began as a Demonspawn Necromancer on Oct 23, 2021.
             Was a Priest of Cheibriados.
             Mangled by an orc warrior (13 damage)
             ... on level 4 of the Dungeon.
             The game lasted 00:21:45 (3376 turns).

a11behringer the Grave Robber (DsNe)                Turns: 3376, Time: 00:21:46

Health: -11/30     AC:  3    Str: 16    XL:     4   Next: 88%
Magic:  2/8        EV: 14    Int: 24    God:    Cheibriados [***...]
Gold:   167        SH:  0    Dex: 20    Spells: 4/9 levels left

rFire   . . .      SeeInvis .   o - +1 dagger (freeze)
rCold   . . .      Faith    .   (no shield)
rNeg    . . .      Spirit   .   a - +0 robe
rPois   .          Reflect  .   (no helmet)
rElec   .          Harm     .   (no cloak)
rCorr   .          Rampage  .   l - +0 pair of gloves
Will    .....                   (no boots)
Stlth   ++........              (no amulet)
HPRegen 0.10/turn               (no ring)
MPRegen 0.22/turn               (no ring)

@: very slow
A: repulsion field 1, demonic guardian 1, magic regeneration
a: Renounce Religion, Bend Time, Temporal Distortion


You were on level 4 of the Dungeon.
You worshipped Cheibriados.
Cheibriados was most pleased with you.
You visited 1 branch of the dungeon, and saw 4 of its levels.

You collected 167 gold pieces.

Inventory:

Hand Weapons
 c - a +0 hand axe
 f - a +0 dagger
 h - a +0 long sword
 o - a +1 dagger of freezing (weapon)
 p - a +0 trident
Missiles
 n - 6 javelins
Armour
 a - a +0 robe (worn)
 l - a +0 pair of gloves (worn)
 q - a +0 leather armour
Scrolls
 i - 2 scrolls of teleportation {unknown}
 m - a scroll of identify {unknown}
 r - a scroll of noise {unknown}
Potions
 b - 2 potions of curing {unknown}
 d - 2 potions of lignification {unknown}
 e - a potion of attraction {unknown}
 g - a potion of brilliance {unknown}
 j - a potion of heal wounds {unknown}
 k - a potion of berserk rage {unknown}


   Skills:
 + Level 1.8 Dodging
 + Level 2.0 Stealth
 + Level 3.0 Spellcasting
 * Level 6.1 Necromancy


You had 4 spell levels left.
You knew the following spells:

 Your Spells              Type           Power      Damage    Failure   Level
a - Pain                  Necr           100%       1d9       1%          1
b - Animate Skeleton      Necr           66%        N/A       1%          1
c - Vampiric Draining     Necr           16%        2d8       2%          3

Your spell library contained the following spells:

 Spells                   Type           Power      Damage    Failure   Level
 Corpse Rot               Necr/Air       36%        N/A       4%          2
 Animate Dead             Necr           16%        N/A       9%          4
 Dispel Undead            Necr           33%        3d14      9%          4
 Apportation              Tloc           6%         N/A       11%         1
 Magic Dart               Conj           12%        1d3       11%         1
 Call Imp                 Summ           3%         N/A       16%         2
 Mephitic Cloud           Conj/Pois/Air  3%         N/A       32%         3
 Agony                    Necr           33%        N/A       24%         5
 Death Channel            Necr           16%        N/A       78%         6
 Alistair's Intoxication  Tmut/Pois      2%         N/A       96%         5
 Invisibility             Hex            1%         N/A       100%        6
 Borgnjor's Revivificati  Necr           16%        N/A       100%        8
 Necromutation            Tmut/Necr      9%         N/A       100%        8
 Death's Door             Necr           16%        N/A       100%        9


Dungeon Overview and Level Annotations

Branches:
Dungeon (4/15)
 Temple: D:4-7

Altars:
Cheibriados
Okawaru


Innate Abilities, Weirdness & Mutations

You are surrounded by a mild repulsion field. (EV +2)
A weak demonic guardian rushes to your aid.
You regenerate magic rapidly.


Message History

Aiming: Pain (safe; 1% risk of failure)
Press: ? - help, Shift-Dir - straight line, f - orc warrior
Aim: an orc warrior, wielding a +0 short sword and wearing a +0 chain mail (chance to affect: 84%)
The orc warrior writhes in agony!
Casting: Pain (safe; 1% risk of failure)
Confirm with . or Enter, or press ? or * to list all spells.
Aiming: Pain (safe; 1% risk of failure)
Press: ? - help, Shift-Dir - straight line, f/p - orc warrior
Aim: an orc warrior, wielding a +0 short sword and wearing a +0 chain mail (moderately wounded, chance to affect: 84%)
The orc warrior barely resists.
Casting: Pain (safe; 1% risk of failure)
Confirm with . or Enter, or press ? or * to list all spells.
Aiming: Pain (safe; 1% risk of failure)
Press: ? - help, Shift-Dir - straight line, f/p - orc warrior
Aim: an orc warrior, wielding a +0 short sword and wearing a +0 chain mail (moderately wounded, chance to affect: 84%)
The orc warrior writhes in agony!
An orc comes into view. It is wielding a +0 club.
Casting: Pain (safe; 1% risk of failure)
Confirm with . or Enter, or press ? or * to list all spells.
You don't have enough magic to cast this spell.
Casting: Pain (safe; 1% risk of failure)
Confirm with . or Enter, or press ? or * to list all spells.
Okay, then.
You barely miss the orc warrior.
The orc warrior is severely wounded.
The orc warrior hits you with a +0 short sword!
An orc wizard comes into view. It is wielding a +0 dagger.
You hit the orc warrior but do no damage.
The orc warrior is severely wounded.
The orc warrior misses you.
You hit the orc warrior but do no damage.
The orc warrior is severely wounded.
The orc warrior hits you with a +0 short sword!
* * * LOW HITPOINT WARNING * * *
A demonic guardian appears!
The orc wizard gestures wildly while chanting.
The orc wizard flickers and vanishes!
Deactivating autopickup; reactivate with Ctrl-A.
The orc warrior hits you with a +0 short sword!
You die...

#.# .# #.# .# #g.
.. #.# .## #.# ..#
#.# ..##.##
#)####.......
#o).o@5....#
.o.$...######.####
######. # #. #. #.
#. #.


You could see an orc warrior (ally target), an orc and a friendly white imp
(summoned).

Vanquished Creatures
  An orc wizard (D:3)
  2 worms (D:2)
  4 dart slugs
  9 orcs
  7 endoplasms
  4 giant cockroaches
  5 goblins
  5 hobgoblins (D:2)
  10 jackals
  2 kobolds (D:1)
  A quokka (D:1)
  5 ball pythons
  4 bats
  2 frilled lizards
  8 rats
69 creatures vanquished.

Vanquished Creatures (collateral kills)
  A goblin (D:2)
  A jackal (D:2)
  A quokka (D:2)
  A bat (D:2)
  A frilled lizard (D:1)
5 creatures vanquished.

Grand Total: 74 creatures vanquished

Notes
Turn   | Place    | Note
-------+----------+-------------------------------------------
     0 | D:1      | a11behringer the Demonspawn Necromancer began the quest for
                  | the Orb.
     0 | D:1      | Reached XP level 1. HP: 13/13 MP: 3/3
   508 | D:1      | Gained mutation: You are surrounded by a mild repulsion
                  | field. (EV +2) [demonic ancestry]
   508 | D:1      | Reached XP level 2. HP: 16/19 MP: 1/5
   567 | D:1      | Found a faded altar of an unknown god.
   576 | D:1      | Prayed at the altar of an unknown god.
   576 | D:1      | Became a worshipper of Cheibriados the Contemplative
   576 | D:1      | Reached * piety under Cheibriados
   722 | D:1      | Reached skill level 5 in Necromancy
  1113 | D:1      | Gained mutation: A weak demonic guardian rushes to your
                  | aid. [demonic ancestry]
  1113 | D:1      | Reached XP level 3. HP: 21/24 MP: 2/6
  1305 | D:1      | Reached ** piety under Cheibriados
  1308 | D:1      | Learned a level 1 spell: Animate Skeleton
  1312 | D:1      | Learned a level 3 spell: Vampiric Draining
  2213 | D:2      | Reached *** piety under Cheibriados
  2231 | D:2      | Gained mutation: You regenerate magic rapidly. [demonic
                  | ancestry]
  2231 | D:2      | Reached XP level 4. HP: 28/30 MP: 5/8
  2802 | D:3      | Found an iron altar of Okawaru.
  2930 | D:3      | Reached skill level 6 in Necromancy
  3360 | D:4      | Noticed an orc warrior
  3376 | D:4      | Mangled by an orc warrior

Illustrated notes

Levels and vault maps discovered:
D:1:      dpeg_arrival_prison, layout_rooms, ebering_ecumenical_altar_abandoned,
          hangedman_decor_growths, columned_hall_lemuel
D:2:      layout_rooms
D:3:      layout_basic, mainiacjoe_overflow_boulevard, amcnicky_mini_pool_small
D:4:      layout_loops_ring, overflow_temple_1_default, grunt_decor_clamped,
          uniq_crazy_yiuf_cottage, uniq_blork_the_orc

Skill      XL: |  1  2  3  4 |
---------------+-------------+-----
Necromancy     | 5 6 |  6.1
Spellcasting   | 3 |  3.0
Stealth        | 2 |  2.0
Dodging        | |  1.8

Action                   |  1- 3 |  4- 6 || total
-------------------------+-------+-------++-------
Melee: Unarmed           |     2 |       ||     2
       Dagger            |    23 |     7 ||    30
 Cast: Pain              |    81 |    43 ||   124
       Animate Skeleton  |     6 |     1 ||     7
       Vampiric Draining |     1 |     1 ||     2
Armor: Robe              |    11 |     2 ||    13
Dodge: Dodged            |    59 |     7 ||    66

Table legend: (Time is in decaauts)
 A = Elapsed time spent in this place.
 B = Non-inter-level travel time spent in this place.
 C = Inter-level travel time spent in this place.
 D = Time resting spent in this place.
 E = Time spent auto-exploring this place.
 F = Levels seen in this place.
 G = Mean time per level.
                   A        B        C        D        E       F      G
               +--------+--------+--------+--------+--------+-----+--------+
         Total |   4140 |   3778 |    362 |      0 |   3300 |   4 | 1035.0 |
       Dungeon |   4140 |   3778 |    362 |      0 |   3300 |   4 | 1035.0 |
               +--------+--------+--------+--------+--------+-----+--------+

Top non-repeatable levels by time:
     D:1: 1857 daAuts
     D:3: 1238 daAuts
     D:2: 1026 daAuts
     D:4: 17 daAuts
